 Dungeon Sprint DCSS version 0.14-a0-1007-gacdcbbe (webtiles) character file.

1071 PolkaDot the Grappler (level 7, 0/102 HPs)
             Began as a Troll Death Knight on Nov 22, 2013.
             Was a Believer of Yredelemnul.
             Slain by Sonja
             ... wielding a +0,+0 short sword of distortion
              (4 damage)
             ... in the Dungeon (Sprint I: "Red Sonja").
             The game lasted 00:03:27 (336 turns).

PolkaDot the Grappler (Troll Death Knight)           Turns: 336, Time: 00:03:27

HP   0/102       AC  5     Str 27      XL: 7   Next: 51%
MP   6/6         EV 12     Int  7      God: Yredelemnul [**....]
Gold 310         SH  0     Dex 11      Spells:  0 memorised,  6 levels left

Res.Fire  : . . .   See Invis. : .     - Unarmed
Res.Cold  : . . .   Warding    : .   b - +0 robe
Life Prot.: . . .   Conserve   : .   (shield restricted)
Res.Poison: .       Res.Corr.  : .   (helmet restricted)
Res.Elec. : .       Clarity    : .   (no cloak)
Sust.Abil.: . .     Spirit.Shd : .   (gloves unavailable)
Res.Mut.  : .       Prev.Telep.: +   (boots unavailable)
Res.Rott. : .       Flight     : .   (no amulet)
Gourmand  : +                        (no ring)
                                     (no ring)

@: berserking, very quick, slightly resistant to hostile enchantments, extremely
unstealthy
A: unfitting armour, claws 3, fast metabolism 3, gourmand, regeneration 2,
saprovore 2, shaggy fur 1, tough skin 2
a: Animate Remains, Recall Undead Slaves, Injury Mirror, Renounce Religion


You were in the Dungeon.
You worshipped Yredelemnul.
Yredelemnul was pleased with you.
You were very full.

You visited 1 branch You collected 310 gold pieces.

Inventory:

Armour
 b - a +0 robe (worn)
Comestibles
 a - 2 meat rations
Scrolls
 h - a scroll of blinking
 i - a scroll of curse armour {unknown}
Potions
 e - 2 potions of speed
 f - 2 potions of magic


   Skills:
 + Level 5.5 Fighting
 + Level 5.4 Dodging
 * Level 13.5 Unarmed Combat
 - Level 2.4 Invocations


You had 6 spell levels left.
You didn't know any spells.

Dungeon Overview and Level Annotations

Branches:
Dungeon (1/1)

Altars:
Ashenzari
Cheibriados
Elyvilon
Fedhas
Kikubaaqudgha
Trog
Yredelemnul
Zin
the Shining One

Shops:
D (

Annotations:
D Sonja


Innate Abilities, Weirdness & Mutations

You are too large for most types of armour.
You have claws for hands.
Your metabolism is lightning-fast.
You like to eat raw meat.
You heal very quickly.
You can eat rotten meat.
You are covered in fur (AC +1).
You have very tough skin (AC +2).


Message History

* * * LOW HITPOINT WARNING * * *
Space bends around you.
* * * LOW HITPOINT WARNING * * *
Sonja hits you but does no damage. Space bends around you.
* * * LOW HITPOINT WARNING * * *
Sonja hits you but does no damage. Space bends around you.
* * * LOW HITPOINT WARNING * * *
Drink which item? (? for menu, Esc to quit)
A red film seems to cover your vision as you go berserk!
You feel yourself moving faster!
You feel mighty! Sonja misses you. Sonja barely misses you.
Sonja hits you but does no damage. Space bends around you.
* * * LOW HITPOINT WARNING * * *
Your elephant slug zombie barely misses Sonja.
You completely miss Sonja.
Sonja is severely wounded.
Sonja completely misses you.
Sonja hits you with a short sword of distortion.
You die...
Your body rises from the dead as a mindless zombie.

#<<#..').#..'..#__#
#<.'[.#..').#..%..+
#..#####'#####'#__#
#..####..#...#.####§
#..#_.####..##.#≈§§§
#..#.....##'#.§'≈§§
#⌠⌠#_.∩...'..Z_#§§§§
####.....##_K#'##+##
#_._._###@#.#
####### #.### $.$
#$.$# ##.## #+#


You could see Sonja and a friendly elephant slug zombie.

Vanquished Creatures
  A giant amoeba (D)
  An elephant slug (D)
  An ogre (D)
  Sigmund (D)
  A jelly (D)
  Ijyb (D)
6 creatures vanquished.

Notes
Turn   | Place    | Note
--------------------------------------------------------------
     0 | D        | PolkaDot, the Troll Death Knight, began the quest for the Orb.
     0 | D        | Reached XP level 1. HP: 20/20 MP: 2/2
     2 | D        | Noticed Ijyb
    12 | D        | Killed Ijyb
    12 | D        | Reached skill level 5 in Unarmed Combat
    12 | D        | Reached XP level 2. HP: 28/28 MP: 2/2
    23 | D        | Noticed an ogre
    28 | D        | Killed an ogre
    28 | D        | Reached skill level 9 in Unarmed Combat
    28 | D        | Reached XP level 3. HP: 2/35 MP: 4/4
    28 | D        | Reached XP level 4. HP: 2/42 MP: 4/4
   103 | D        | Noticed Sigmund
   109 | D        | Killed Sigmund
   109 | D        | Acquired Yredelemnul's second power
   109 | D        | Reached skill level 10 in Unarmed Combat
   109 | D        | Reached XP level 5. HP: 42/49 MP: 5/5
   148 | D        | Found a bloodstained altar of Trog.
   148 | D        | Found a glowing golden altar of the Shining One.
   148 | D        | Found a white marble altar of Elyvilon.
   148 | D        | Found a blossoming altar of Fedhas.
   148 | D        | Noticed a giant amoeba
   154 | D        | Killed a giant amoeba
   154 | D        | Reached skill level 13 in Unarmed Combat
   154 | D        | Reached XP level 6. HP: 29/61 MP: 6/6
   154 | D        | Reached XP level 7. HP: 32/68 MP: 6/6
   157 | D        | Found a bloodstained altar of Trog.
   158 | D        | Noticed a jelly
   159 | D        | Found a snail-covered altar of Cheibriados.
   165 | D        | Killed a jelly
   165 | D        | Reached skill level 5 in Fighting
   275 | D        | Found a shattered altar of Ashenzari.
   275 | D        | Found an ancient bone altar of Kikubaaqudgha.
   275 | D        | Found Diyth's Weapon Emporium.
   275 | D        | Found a basalt altar of Yredelemnul.
   275 | D        | Found a glowing silver altar of Zin.
   275 | D        | Noticed an elephant slug
   286 | D        | Killed an elephant slug
   286 | D        | Reached skill level 5 in Dodging
   289 | D        | Found a glowing golden altar of the Shining One.
   328 | D        | Noticed Sonja
   335 | D        | HP: 4/102 [Sonja/short sword of distortion (6)]
   336 | D        | Slain by Sonja

Action                   |  1- 3 |  4- 6 |  7- 9 || total
-------------------------+-------+-------+-------++-------
Melee: Unarmed           |    13 |     9 |    16 ||    38
Invok: Animate Remains   |       |       |     2 ||     2
  Use: Potion            |       |       |     4 ||     4
